[Event "GER-chT States Women 2022"]
[Site "Braunfels"]
[Date "2022.06.17"]
[Round "2.1"]
[White "Cosma, Elena-Luminita"]
[Black "Tuzi, Bruna"]
[Result "1/2-1/2"]
[ECO "D02"]
[WhiteElo "2277"]
[BlackElo "1999"]
[Annotator "TA"]
[PlyCount "37"]
[EventDate "2022.06.15"]
[EventType "swiss"]
[EventCountry "GER"]
[SourceTitle "playchess.com"]
[Source "ChessBase"]
[SourceQuality "1"]
[TimeControl "40/5400+30:1800+30"]

1. d4 d5 2. Nf3 Nf6 3. g3 Bg4 4. Bg2 e6 5. h3 Bf5 6. c4 {[%emt 0:00:17][%cal Bc2c4,Bc4c5][%mdl 32] D02: 1 d4 d5 2 Nf3 sidelines, including 2...Nf6 3 g3 and 2...Nf6 3 Bf4.} c6 7. Nc3 Be7 {[%emt 0:00:49] [#]} 8. Nh4 $146 {[%emt 0:04:48] The position is equal.} ({Predecessor:} 8. Qb3 Qb6 9. c5 Qa6 10. Bf1 Be4 11. e3 Qa5 12. Be2 Qc7 13. Nxe4 Nxe4 14. O-O {½-½ (69) Samunenkov,I (2288)-Laurusas,T (2549) Riga 2021}) 8... Bg6 ({Black should try} 8... Be4 $11) 9. Nxg6 $14 hxg6 10. Qb3 Qb6 11. c5 Qa6 12. Bf1 b6 $1 13. e4 Qb7 14. Bg2 O-O 15. O-O Qa6 16. Re1 ({White should play} 16. cxb6 $11 axb6 17. a4 (17. exd5 exd5 18. Bf4 Nh5 $11)) 16... bxc5 $15 17. exd5 c4 18. Qd1 cxd5 19. Nxd5 {Weighted Error Value: White=0.19 (very precise) /Black=0.12 (very precise)} 1/2-1/2

[Event "GER-chT States Women 2022"]
[Site "Braunfels"]
[Date "2022.06.17"]
[Round "2.2"]
[White "Bluebaum, Johanna"]
[Black "Voicu-Jagodzinsky, Carmen"]
[Result "0-1"]
[ECO "D35"]
[WhiteElo "2049"]
[BlackElo "2291"]
[Annotator "TA"]
[PlyCount "82"]
[EventDate "2022.06.15"]
[EventType "swiss"]
[EventCountry "GER"]
[SourceTitle "playchess.com"]
[Source "ChessBase"]
[SourceQuality "1"]
[TimeControl "40/5400+30:1800+30"]

1. d4 Nf6 2. c4 e6 3. Nc3 d5 4. cxd5 exd5 5. Bg5 Be7 6. e3 O-O 7. Bd3 Re8 8. Nge2 {[%emt 0:00:49] D35: Queen's Gambit Declined: Exchange Variation.} h6 {[%emt 0:00:34] 8...c6 is a critical line.} 9. Bh4 c6 10. O-O {[%emt 0:03:23] The position is equal.} Nh5 11. Bxe7 Qxe7 {[%emt 0:00:09] [#]} 12. Bc2 $146 ({Predecessor:} 12. Qd2 Nd7 13. Rae1 Nf8 14. Nc1 Bd7 15. Nb3 Rad8 16. f3 Bc8 17. Qf2 b6 18. Kh1 {0-1 (67) Bluebaum,M (2681)-Sargissian,G (2596) Riga 2021}) 12... Nd7 13. Qd3 {[%emt 0:02:10] [#] White wants to mate with Qh7+.} Nf8 {[%emt 0:00:26] Prevents Qh7+.} 14. Rae1 g6 15. Qd2 Kh7 16. Nc1 Nf6 17. f3 $1 c5 (17... b6 $14) 18. Nd3 $16 b6 (18... Ne6 $142) 19. Ne5 (19. e4 $16) 19... Bb7 20. f4 Rad8 (20... N8d7 $14) 21. Ba4 N8d7 22. Rf3 ({White should try} 22. Bc6 $16 Ba6 23. Bxd7 Nxd7 24. Nc6 (24. Nxd5 Qd6 $16)) 22... a6 23. Nxd7 Nxd7 24. f5 {[%emt 0:01:42] Black must now prevent Ref1.} (24. dxc5 d4 25. c6 dxc3 26. Qxc3 Nc5 $19) 24... Rf8 (24... cxd4 $14 {is more appropriate.} 25. Qxd4 (25. fxg6+ fxg6 26. Qxd4 Ne5 $11) 25... b5) 25. Bc2 {[%emt 0:02:09] And now e4 would win.} Nf6 {[%emt 0:00:40] Against e4} 26. Qf2 (26. fxg6+ $16 fxg6 27. Ref1 (27. Qd3 Ne4 $11)) 26... Rde8 $2 (26... g5 $15) 27. Rf1 $2 (27. fxg6+ $16 fxg6 28. Rf1 (28. Qg3 Ne4 $14)) 27... g5 $15 28. Nd1 Qd6 29. h3 Re7 ({Better is} 29... Rg8 $17) 30. g4 Rfe8 {[%emt 0:01:44] ...cxd4 is the strong threat. Black is more active.} 31. Bd3 Bc6 32. Qh2 (32. a3 $17 {was worth a try.}) 32... Qxh2+ $19 33. Kxh2 {[%emt 0:00:03] [#]} Bb5 $1 34. Bxb5 axb5 35. R3f2 b4 36. Rc2 c4 37. Kg3 Ra8 38. b3 Ne4+ 39. Kg2 $2 (39. Kf3 c3 40. f6) 39... Rea7 {[%emt 0:01:10] Black is clearly winning.} 40. bxc4 Rxa2 41. Rb2 dxc4 {[%emt 0:30:28] Weighted Error Value: White=0.61/Black=0.23 (precise)} 0-1

[Event "GER-chT States Women 2022"]
[Site "Braunfels"]
[Date "2022.06.17"]
[Round "2.3"]
[White "Agrest, Inna"]
[Black "Buchholz, Maja"]
[Result "1-0"]
[ECO "C11"]
[WhiteElo "2265"]
[BlackElo "1945"]
[Annotator "TA"]
[PlyCount "99"]
[EventDate "2022.06.15"]
[EventType "swiss"]
[EventCountry "GER"]
[SourceTitle "playchess.com"]
[Source "ChessBase"]
[SourceQuality "1"]
[TimeControl "40/5400+30:1800+30"]

1. e4 e6 2. d4 d5 3. Nc3 Nf6 4. Bg5 dxe4 5. Nxe4 Nbd7 6. Nf3 h6 7. Nxf6+ Nxf6 8. Bxf6 Qxf6 9. Bd3 {[%emt 0:00:14] C10: French with 3 Nc3: Unusual Black 3rd moves and 3...dxe4.} Bd7 {[%emt 0:01:11] is more profitable than 9...Bd6 at the moment.} 10. Ne5 O-O-O 11. Qe2 {[%emt 0:00:56] [#] The position is equal.} Be8 $146 ({Predecessor:} 11... c5 12. dxc5 Bxc5 13. O-O Kb8 14. Nxf7 Qxf7 15. Qe5+ Ka8 16. Qxc5 Bc6 17. Qe3 Qf6 {½-½ (39) Koziol,K (2016)-Sumets,A (2633) LLucmajor 2014}) 12. Qe4 Kb8 13. O-O-O Bd6 14. f4 Qe7 15. Rhf1 c5 16. dxc5 Bxc5 17. Be2 Rc8 18. Bf3 Qc7 {[%emt 0:00:43] Inhibits Nd7+.} 19. Kb1 Bb5 {[%emt 0:06:27] [#] Against Rd3} (19... f6 $11 20. Nd3 Bb6) 20. a4 $1 $14 Be8 (20... Bxf1 $2 21. Rd7 Ka8 22. Rxc7 Rxc7 23. Qe1 $18) 21. Rd3 $36 {[%emt 0:05:34][%cal Bd1d3,Bd3b3,Bb3b7,Bb7e7][%mdl 2080] White has some pressure. 0x0.00166cea7e16dp-1022s more active pieces.} f5 22. Qc4 {[%emt 0:00:29] Hoping for Rfd1.} Be7 $2 {[%emt 0:07:39][%mdl 8192] [#] Black is now going downhill.} (22... Bd6 $1 $14 23. Qb3 Bxe5 24. fxe5 g5) 23. Rb3 $1 $18 Qxc4 (23... a5 24. c3) 24. Rxb7+ (24. Nxc4 Rc7 25. Be2 Bxa4 $17) 24... Ka8 25. Rxe7+ (25. Nxc4 Rxc4 26. b3 Bc6) 25... Bc6 (25... Qd5 $142 26. Bxd5+ exd5) 26. Nxc4 Bxf3 27. Rxf3 ({Weaker is} 27. gxf3 Rxc4 28. b3 (28. Rxe6 Rxa4 29. Rg1 Rg8 $16) 28... Rxf4 $18) 27... Rxc4 {[%emt 0:00:10][%mdl 4096] Endgame KRR-KRR} 28. b3 ({Not} 28. Rxe6 Rxa4 29. Re7 g6 $18) 28... Re4 29. Rxg7 Rc8 30. Kb2 Rb8 (30... Re2 {might work better.} 31. Rc3 Rxc3 32. Kxc3 Rf2) 31. a5 {[%emt 0:01:17] aiming for Rc3.} a6 32. g3 {[%emt 0:00:28] Rc3 is the strong threat.} Rb5 33. Rc3 Kb8 34. Rh7 Rxa5 35. Rxh6 Kb7 36. h4 {[%emt 0:00:21] And now Rh7+ would win.} Re1 37. Rh7+ Kb6 38. Rhc7 {[%emt 0:01:03] Threatening mate with R3c6+.} Raa1 39. R3c6+ Kb5 40. Rc5+ (40. c4+ $142 Ka5 41. Rb7 Rab1+ 42. Kc3 Rec1+ 43. Kd4 e5+ 44. Kd5 Rd1+ 45. Kxe5 Re1+ 46. Kxf5 Re5+ 47. Kg6 Rxb3 48. Rxb3) 40... Kb6 41. R5c6+ (41. h5 $142) 41... Kb5 42. Rd6 $2 (42. c4+ Ka5 43. Rb7 Rab1+ 44. Kc3 Rec1+ 45. Kd4 e5+ 46. Kd5 Rd1+ 47. Kxe5 Rxb3 48. Rxb3) 42... Rab1+ 43. Kc3 a5 $2 (43... Re3+ 44. Rd3 Re4) 44. h5 Re3+ 45. Rd3 Re2 46. h6 {[%emt 0:00:44] Black must now prevent h7.} Ra1 47. Kb2 Ree1 48. h7 Rh1 49. Rd8 Kb4 50. Rb8# {[%emt 0:00:34] Weighted Error Value: White=0.17 (very precise) /Black=0.76} 1-0

[Event "GER-chT States Women 2022"]
[Site "Braunfels"]
[Date "2022.06.17"]
[Round "2.4"]
[White "Frank, Michelle Viviane"]
[Black "Ciolacu, Alessia-Mihaela"]
[Result "0-1"]
[ECO "C68"]
[WhiteElo "1882"]
[BlackElo "2198"]
[Annotator "TA"]
[PlyCount "88"]
[EventDate "2022.06.15"]
[EventType "swiss"]
[EventCountry "GER"]
[SourceTitle "playchess.com"]
[Source "ChessBase"]
[SourceQuality "1"]
[TimeControl "40/5400+30:1800+30"]

1. e4 e5 2. Nf3 Nc6 3. Bb5 a6 4. Bxc6 dxc6 5. O-O Bd6 6. d3 Ne7 {[%emt 0:01:41] C68: Ruy Lopez: Exchange Variation, sidelines.} 7. Nbd2 Ng6 8. Nc4 Bg4 {[%emt 0:06:04] The position is equal.} 9. h3 h5 {[%emt 0:03:40] [#]} (9... Be6 $11) 10. Ne3 $146 {[%emt 0:00:20] Pair of Knights!} (10. hxg4 $16 hxg4 11. Ng5) ({Predecessor:} 10. hxg4 hxg4 11. Ng5 Qd7 12. Nxd6+ cxd6 13. f4 f6 14. f5 Nf4 15. Bxf4 exf4 16. Ne6 g3 17. Qg4 g5 18. fxg6 {1-0 (18) Hoolt,S (2334)-Morgenstern,T (1971) Playchess.com INT 2020}) 10... Be6 $11 11. Nf5 Bxf5 12. exf5 Nh4 13. Re1 Nxf3+ 14. Qxf3 Qf6 15. Qg3 (15. Qe4 $14) 15... Qxf5 $15 16. Qxg7 O-O-O 17. Qg5 Qd7 18. Qh4 (18. Qe3 $15) 18... Rdg8 $17 {[%emt 0:01:47] Threatens to win with ...f5.} 19. Kh1 f5 ({Black should try} 19... Rg6 $1 $17 {Strongly threatening ...f5.} 20. Re3 f5) 20. f4 $1 $15 Qg7 21. Re2 exf4 22. Bxf4 Qxb2 23. Rae1 Qd4 (23... Qxa2 $6 24. Bxd6 cxd6 25. Qd4 $11) 24. Rf1 Kb8 25. Qf2 Qd5 26. Bxd6 Qxd6 27. Qf4 Qa3 28. Qc4 h4 (28... Qa5 $15) 29. c3 (29. Rxf5 $11 Re8 30. Rff2) 29... Rg3 30. Rb1 {[%emt 0:00:21] [#]} Rg6 $1 31. Reb2 {[%emt 0:00:17] [#]} (31. Rf1 $17) 31... b5 $1 $19 32. Qd4 Re8 33. c4 Rd6 ({Better is} 33... Rge6 {aiming for ...Re1+.} 34. cxb5 axb5 35. Qxh4 Qxd3) 34. Qxh4 $17 Rxd3 35. cxb5 cxb5 ({Much worse is} 35... axb5 $6 36. Qc4 Rxh3+ 37. gxh3 Qxh3+ 38. Kg1 Qg3+ 39. Rg2 Qe3+ 40. Rf2 (40. Kf1 $2 Qf3+ 41. Kg1 Re1+ 42. Rxe1 bxc4 $19) 40... Qg3+ 41. Rg2 Qe3+ 42. Rf2 (42. Kf1 $2 Qf3+ 43. Kg1 Re1+ 44. Rxe1 bxc4 $19) 42... Qg3+ 43. Rg2 $11) 36. Qh5 (36. Qf4 $17) 36... Red8 $19 37. Rf2 (37. Rc2 $17) 37... Rd2 38. Rxf5 Qxa2 {[%emt 0:00:15] Black is much more active.} (38... Qd3 $17 39. Ra1 Qc3) 39. Rg1 (39. Rfxb5+ $1 $11 {and White is okay.} axb5 40. Qxb5+ Kc8 41. Qb8+ Kd7 42. Qb5+ c6 43. Qb7+ Ke8 44. Re1+ Re2 45. Qxc6+ Rd7 46. Qc8+ Ke7 47. Qc5+ Kf6 48. Qc3+ Ke7 49. Qc5+ Ke6 50. Qc6+ Ke7 51. Qc5+) 39... b4 (39... Qe6 $19 {and Black stays clearly on top. And now ...b4 would win.} 40. Qg4 Qb6) 40. Ra5 $2 {[%emt 0:01:31][%mdl 8192] This costs White the game.} (40. Rf4 $17 {was the crucial defense.} Qa4 41. Qc5) 40... Qc4 41. Rga1 Qe4 42. Qg5 Rd1+ 43. Kh2 R1d5 44. Rxd5 Rxd5 {[%emt 0:02:47] Weighted Error Value: White=0.55/Black=0.24 (precise)} 0-1

[Event "GER-chT States Women 2022"]
[Site "Braunfels"]
[Date "2022.06.17"]
[Round "2.5"]
[White "Kuckling, Hannah"]
[Black "Ries, Jutta"]
[Result "1/2-1/2"]
[ECO "B04"]
[WhiteElo "2070"]
[BlackElo "2015"]
[Annotator "NA RC"]
[PlyCount "89"]
[EventDate "2022.06.15"]
[EventType "swiss"]
[EventCountry "GER"]
[SourceTitle "playchess.com"]
[Source "ChessBase"]
[SourceQuality "1"]
[TimeControl "40/5400+30:1800+30"]

1. e4 Nf6 2. e5 Nd5 3. d4 d6 4. Nf3 g6 5. exd6 cxd6 6. c4 Nb6 7. Be3 Bg7 8. Bd3 Nc6 9. h3 O-O 10. Nc3 Nb4 11. Be2 d5 12. c5 Nc4 13. Qb3 Nxe3 14. fxe3 Nc6 15. Qxd5 Qc7 16. O-O e5 17. Qc4 exd4 18. exd4 Qg3 19. Ne4 Qf4 20. Nfg5 Qe3+ 21. Kh1 Bf5 22. d5 Ne5 23. Qc2 Qxg5 24. Nxg5 Bxc2 25. Rac1 Bd3 26. Bxd3 Nxd3 27. Rc2 h6 28. Ne4 Rad8 29. d6 Rfe8 30. Nf2 $19 Nxf2+ 31. Rfxf2 Rd7 32. b4 a6 33. a4 Re4 34. b5 Be5 35. g4 axb5 36. axb5 Re1+ 37. Kg2 Rd8 38. Rfd2 Bf4 39. Rd4 Be5 40. Rd5 Bf4 41. Rc4 g5 42. c6 bxc6 43. bxc6 Bxd6 44. Rcd4 Re6 45. c7 1/2-1/2

[Event "GER-chT States Women 2022"]
[Site "Braunfels"]
[Date "2022.06.17"]
[Round "2.6"]
[White "Werner, Rosalie"]
[Black "Hess, Olena"]
[Result "0-1"]
[ECO "C41"]
[WhiteElo "1712"]
[BlackElo "2055"]
[Annotator "NA RC"]
[PlyCount "104"]
[EventDate "2022.06.15"]
[EventType "swiss"]
[EventCountry "GER"]
[SourceTitle "playchess.com"]
[Source "ChessBase"]
[SourceQuality "1"]
[TimeControl "40/5400+30:1800+30"]

1. e4 d6 2. d4 Nf6 3. Nc3 e5 4. Nf3 Nbd7 5. Bc4 Be7 6. O-O O-O 7. Re1 c6 8. a4 Qc7 {[%emt 0:00:54] 8...h6 is becoming the main line.} 9. Bb3 b6 {[%emt 0:03:07] [#]} 10. Qd3 $146 ({Predecessor:} 10. h3 a6 11. Be3 exd4 12. Nxd4 Nc5 13. Ba2 Bd7 14. Qf3 b5 15. Bf4 b4 16. Nd1 Rfe8 {0-1 (51) Isha,S (1989)-Mulder,B (2149) Hofheim 2019}) 10... exd4 11. Qxd4 Nc5 12. h3 Nxb3 13. cxb3 Be6 14. b4 d5 15. e5 Ne8 16. Bf4 Rd8 17. Bg5 h6 18. Bxe7 Qxe7 19. a5 c5 20. bxc5 bxc5 21. Qd3 Nc7 22. Rec1 Rb8 23. Na4 c4 $1 24. Qd2 Rfd8 25. Nd4 Bd7 26. f4 Bxa4 27. Rxa4 $17 Ne6 28. Nxe6 fxe6 29. Qd4 Rb3 30. Ra2 Rd3 31. Qf2 Rf8 32. g3 g5 33. Kh2 Qf7 34. Rf1 Qh5 35. Ra3 Rxa3 36. bxa3 Qf7 37. Qb2 Qc7 38. Qb5 d4 39. f5 Rxf5 40. Rxf5 exf5 41. Qe8+ Kg7 42. Qe6 Qd8 43. Qxf5 d3 44. e6 Qf6 45. Qd5 d2 46. Qd7+ Kf8 47. Qc8+ Kg7 48. Qd7+ Kg6 49. e7 Qf2+ 50. Kh1 Qe1+ 51. Kh2 Qe2+ 52. Kh1 d1=Q+ 0-1

[Event "GER-chT States Women 2022"]
[Site "Braunfels"]
[Date "2022.06.17"]
[Round "2.7"]
[White "Moeller, Lisa-Marie"]
[Black "Krausse, Vanessa"]
[Result "1-0"]
[ECO "B30"]
[WhiteElo "1927"]
[BlackElo "1632"]
[Annotator "TA"]
[PlyCount "51"]
[EventDate "2022.06.15"]
[EventType "swiss"]
[EventCountry "GER"]
[SourceTitle "playchess.com"]
[Source "ChessBase"]
[SourceQuality "1"]
[TimeControl "40/5400+30:1800+30"]

1. e4 c5 2. Nf3 Nc6 3. Bb5 d6 4. Bxc6+ bxc6 5. O-O Nf6 6. Re1 {[%emt 0:00:10] B51: Sicilian: Moscow Variation (3 Bb5+) without 3...Bd7.} (6. e5 $5 ) 6... g6 7. e5 dxe5 8. Nxe5 {[%emt 0:02:20] White is better.} Qc7 9. Qf3 {[%emt 0:08:04] [#]} Bb7 $146 (9... Be6 $142) ({Predecessor:} 9... Bd7 10. Nc3 Bg7 11. Na4 Qd6 12. b3 O-O 13. Ba3 Nd5 14. Bxc5 Qc7 15. d4 Be6 {1-0 (24) Barbosa,E (2482)-De Santana,J (1815) Natal 2016}) 10. Nc3 ({Much less strong is} 10. Qb3 e6 $14) 10... Bg7 11. Na4 {[%emt 0:03:53] White is much more active. The black rooks are badly placed.} O-O 12. Nxc5 Nd5 (12... Rad8 {was worth a try.} 13. c3 Nd5) 13. d4 $18 Rad8 14. c3 e6 (14... Bc8 $142 15. Ned3 Bf5) 15. Qh3 Rfe8 (15... Bc8 $16 {is a better defense.} 16. Qh4 f6) 16. Bh6 Bh8 (16... Bc8 $142 17. Bxg7 Kxg7) 17. Rad1 {[%emt 0:06:02] Black must now prevent c4.} Bc8 18. Qf3 f6 19. Ned3 f5 (19... a5 {was necessary.} 20. a3 e5 21. dxe5 fxe5) 20. Bg5 Nf6 21. Ne5 Rd6 22. Nc4 {[%emt 0:03:04] [#] Bf4 is the strong threat. Pair of Knights!} Rd5 23. Bf4 Qd8 24. Ne3 Rxc5 $2 (24... Bg7 25. Nxd5 cxd5) 25. dxc5 Nd7 26. Qxc6 {[%emt 0:01:25] White took control after the opening.  Weighted Error Value: White=0.16 (very precise) /Black=0.44} 1-0

[Event "GER-chT States Women 2022"]
[Site "Braunfels"]
[Date "2022.06.17"]
[Round "2.8"]
[White "Engel, Esther"]
[Black "Sereda, Yaroslava"]
[Result "0-1"]
[ECO "D58"]
[WhiteElo "1751"]
[BlackElo "1698"]
[Annotator "NA RC"]
[PlyCount "122"]
[EventDate "2022.06.15"]
[EventType "swiss"]
[EventCountry "GER"]
[SourceTitle "playchess.com"]
[Source "ChessBase"]
[SourceQuality "1"]
[TimeControl "40/5400+30:1800+30"]

1. d4 d5 2. c4 e6 3. Nc3 Nf6 4. Nf3 Be7 5. Bg5 O-O 6. e3 h6 7. Bh4 b6 8. Bd3 dxc4 9. Bxc4 Bb7 10. O-O Nbd7 11. Rc1 Ne4 12. Bxe7 Qxe7 13. Nxe4 Bxe4 14. Qe2 c5 15. Rfd1 cxd4 16. Nxd4 Ne5 17. f3 Nxc4 18. Qxc4 Bd5 19. Qa6 Bb7 20. Qe2 Rac8 21. e4 Rfd8 22. Rxc8 Rxc8 23. Nb3 Rc7 24. Qd2 Ba6 25. Qd6 Qxd6 26. Rxd6 Bc4 27. Rd2 Bxb3 28. axb3 Kh7 29. Kf2 Kg6 30. Ke3 Kf6 31. f4 g5 32. g3 Rc5 33. Kd4 a5 34. Ke3 gxf4+ 35. gxf4 Rb5 36. Rd3 Rh5 37. Rd2 Rh3+ 38. Kd4 Rxb3 39. Rf2 Rb4+ 40. Ke3 b5 41. Kd3 a4 42. Ke3 Rb3+ 43. Kd4 b4 44. Kc4 h5 45. Kd4 a3 46. bxa3 bxa3 47. Ra2 h4 48. Kc4 Rf3 49. Kd4 Rxf4 50. Rxa3 Rf2 51. Rh3 Kg5 52. Rc3 Rxh2 53. Rc8 Rh1 54. Ke5 h3 55. Rg8+ Kh4 56. Rh8+ Kg3 57. Rg8+ Kh2 58. Kf4 Rg1 59. Rh8 Rg3 60. Rh5 Kg2 61. Rh8 h2 0-1

[Event "GER-chT States Women 2022"]
[Site "Braunfels"]
[Date "2022.06.17"]
[Round "2.10"]
[White "Jussupow, Nadia"]
[Black "Birkholz, Olga"]
[Result "1/2-1/2"]
[ECO "A40"]
[WhiteElo "2146"]
[BlackElo "1993"]
[Annotator "NA RC"]
[PlyCount "28"]
[EventDate "2022.06.15"]
[EventType "swiss"]
[EventCountry "GER"]
[SourceTitle "playchess.com"]
[Source "ChessBase"]
[SourceQuality "1"]
[TimeControl "40/5400+30:1800+30"]

1. d4 b6 2. e4 Bb7 3. Nc3 e6 4. Bd3 Nc6 5. Nf3 Nb4 6. Be2 d5 7. exd5 Nxd5 8. O-O Nxc3 9. bxc3 Bd6 10. a4 Nf6 11. Bb5+ c6 12. Bd3 h6 13. Ba3 O-O 14. Bxd6 Qxd6 1/2-1/2

[Event "GER-chT States Women 2022"]
[Site "Braunfels"]
[Date "2022.06.17"]
[Round "2.11"]
[White "Stangl, Anita"]
[Black "Kostak, Tatiana"]
[Result "1-0"]
[ECO "C40"]
[WhiteElo "2041"]
[BlackElo "2102"]
[Annotator "TA"]
[PlyCount "99"]
[EventDate "2022.06.15"]
[EventType "swiss"]
[EventCountry "GER"]
[SourceTitle "playchess.com"]
[Source "ChessBase"]
[SourceQuality "1"]
[TimeControl "40/5400+30:1800+30"]

1. e4 e5 2. Nf3 d5 3. exd5 e4 4. Qe2 Nf6 5. d3 Qxd5 {[%emt 0:00:22] [#]} 6. c4 $146 {[%emt 0:06:56] C40: Latvian and Elephant Gambits.} (6. Ng5 $16) ({Predecessor:} 6. Nc3 Bb4 7. Bd2 Bxc3 8. Bxc3 O-O 9. dxe4 Nxe4 10. Rd1 Qe6 11. Nd4 Qg6 12. Nb5 Na6 13. Bd4 {1-0 (34) Warmerdam,M (2562)-Skatchkov,V (2298) Chess.com INT 2021}) 6... Qxd3 $11 7. Qxd3 exd3 8. Bxd3 {[%emt 0:00:06] Black is slightly better.} Bb4+ 9. Nbd2 O-O 10. O-O Rd8 11. Bc2 Be6 12. a3 (12. Ng5 {is more complex.} Bg4 13. Ndf3 Re8 14. h3) 12... Bxd2 13. Nxd2 Nc6 14. b3 Nd4 15. Bd1 Bf5 16. Nf3 Bd3 17. Re1 Nc2 18. Bxc2 Bxc2 19. b4 a5 20. Bg5 axb4 (20... h6 {seems wilder.} 21. Bxf6 gxf6 22. b5 Kf8) 21. Bxf6 gxf6 22. axb4 Rxa1 23. Rxa1 {[%emt 0:00:06][%mdl 4096] Endgame KRB-KRN} Be4 24. Ne1 c6 25. f3 Bf5 26. Ra7 Rd7 27. Kf2 Be6 28. c5 Bc4 29. f4 Rd2+ 30. Kg3 Ba6 31. Nf3 Rb2 (31... Rd3 $11 {remains equal.}) 32. Nd4 $1 $16 Rxb4 {[%emt 0:01:10] [#]} 33. Nxc6 Rb3+ (33... Re4 34. Nd8) 34. Kh4 Bd3 (34... bxc6 $16 {was called for.} 35. Rxa6 Rc3) 35. Ra8+ $1 $18 Kg7 36. Ne7 {[%emt 0:01:48] Rg8+ would kill now.} h6 37. Rg8+ Kh7 38. Rg3 Bc2 {[%emt 0:00:10] [#]} 39. Rxb3 Bxb3 {[%emt 0:00:02] [#] KB-KN} 40. Nf5 $1 Bd5 41. g3 Be4 42. Nd6 Bd5 43. Kh5 Kg8 $2 (43... Bf3+ {is tougher.} 44. g4 Bc6) 44. Ne8 $2 (44. Kxh6 {Intending Ne8 and mate.} Kf8 45. h4) 44... Kf8 (44... Bc6) 45. Nxf6 Bf3+ 46. Kxh6 Ke7 47. Kg7 Kd8 48. h4 Kc7 49. g4 (49. h5 $142 Bxh5 50. Nxh5 Kc6 51. Kxf7 Kd5 52. f5 Ke4 53. Ke6 Kf3 54. f6) 49... Kc6 50. h5 {[%emt 0:00:00] Weighted Error Value: White=0.17 (very precise) /Black=0.33} 1-0

[Event "GER-chT States Women 2022"]
[Site "Braunfels"]
[Date "2022.06.17"]
[Round "2.12"]
[White "Valkova, Angelika"]
[Black "Braun, Kristin"]
[Result "1-0"]
[ECO "E71"]
[WhiteElo "2066"]
[BlackElo "1905"]
[Annotator "NA RC"]
[PlyCount "60"]
[EventDate "2022.06.15"]
[EventType "swiss"]
[EventCountry "GER"]
[SourceTitle "playchess.com"]
[Source "ChessBase"]
[SourceQuality "1"]
[TimeControl "40/5400+30:1800+30"]

1. d4 Nf6 2. c4 g6 3. Nc3 Bg7 4. e4 d6 5. h3 O-O 6. Be3 e5 7. d5 a5 8. g4 Na6 9. Qd2 Nc5 10. f3 Ne8 11. h4 f5 12. gxf5 gxf5 13. O-O-O f4 14. Bf2 Nf6 15. Bh3 Nh5 16. Bxc8 Rxc8 17. Nh3 h6 18. Rdg1 Kh7 19. Bxc5 dxc5 20. Ng5+ hxg5 21. hxg5 Kg6 22. Rxh5 Kxh5 23. g6 Bf6 24. g7 Rg8 25. Qh2+ Bh4 26. Qh3 Kh6 27. Rg4 Qf6 28. Rxh4+ Qxh4 29. Qxh4+ Kxg7 30. Qe7+ Kh6 1-0

[Event "GER-chT States Women 2022"]
[Site "Braunfels"]
[Date "2022.06.17"]
[Round "2.13"]
[White "Ankerst, Milka"]
[Black "Gheng, Simona"]
[Result "0-1"]
[ECO "B72"]
[WhiteElo "1931"]
[BlackElo "1944"]
[Annotator "NA RC"]
[PlyCount "116"]
[EventDate "2022.06.15"]
[EventType "swiss"]
[EventCountry "GER"]
[SourceTitle "playchess.com"]
[Source "ChessBase"]
[SourceQuality "1"]
[TimeControl "40/5400+30:1800+30"]

1. e4 c5 2. Nf3 d6 3. d4 cxd4 4. Nxd4 Nf6 5. Nc3 g6 6. Be3 Bg7 7. Bc4 Nc6 8. Bb3 Bd7 9. Qd2 Ng4 10. Nxc6 Bxc6 11. Bg5 O-O 12. f3 Ne5 13. Bh6 e6 14. O-O-O Bxh6 15. Qxh6 Qe7 16. h4 Rfd8 17. Qe3 (17. Qg5 $14 Qxg5+ 18. hxg5) 17... a5 (17... b5 $11) 18. a3 b5 19. h5 Nc4 20. Bxc4 bxc4 21. Rd2 Rab8 22. Nd1 Qf6 23. Qd4 Qxd4 24. Rxd4 d5 25. e5 Rd7 26. f4 Rdb7 27. g4 a4 28. c3 Kg7 29. Rh2 Rg8 30. Ne3 Kf8 31. f5 gxf5 32. gxf5 Rg3 $11 33. Ng4 exf5 34. Nf6 Ke7 35. Nxh7 Rb8 36. Nf6 Ke6 37. Re2 Rh8 38. Kc2 Rg5 39. Rf4 Rh6 40. Kd2 Rg3 41. Rd4 Rg1 42. Rf4 Rb1 43. Kc2 Rg1 44. Rd4 Rg3 45. Rf2 Rg5 46. Rfd2 Kxe5 47. Nxd5 Bxd5 48. Rxd5+ Kf6 49. Ra5 Rhxh5 50. Rd6+ Kg7 51. Rxa4 Rg2+ 52. Rd2 Rhh2 53. Rxg2+ Rxg2+ 54. Kb1 Rg4 55. Rb4 Re4 56. Kc2 f4 57. b3 f3 58. bxc4 f2 0-1